AoeStats
← MilanesaDe_Pollo

Arena

510414132Analyzed
3v3 RM · 18h ago on Sep 30, 2026· 38m 34s· 6 players
Game mode
Random Map
Map size
Normal (6 player)
Population
200
Speed
Normal
Resources
Standard
Victory
Conquest
Starting age
Dark Age
Ending age
Imperial Age
RankedLock teamsTeams togetherTeam positionsShared explorationLock speedFull tech treeHidden civsTurbo modeCheats
Victory
Defeat
🇨🇱 Wu · Chile
990
+15
🇨🇱 Danes · Chile
965
+16
🇨🇱 Italians · Chile
957
+17
🇦🇷 Spanish · Argentina
979
-16
🇦🇷 Vietnamese · Argentina
978
-16
🇦🇷 Italians · Argentina
975
-16
AlpineXtrem
0:27 Loom
11:47 Feudal Age
15:44 Castle Age
13:47 Horse Collar
14:03 Double-Bit Axe
16:15 Wheelbarrow
19:29 Gold Mining
19:29 Stone Mining
20:09 Stone Mining
24:17 Stone Shaft Mining
24:10 Squires
26:14 Hand Cart
27:29 Gold Shaft Mining
30:57 Imperial Age
28:33 Padded Archer Armor
28:57 Elite Skirmisher
30:00 Fletching
31:22 Ballistics
30:43 Treadmill Crane
31:36 Red Cliffs Tactics
32:01 Bodkin Arrow
32:21 Leather Archer Armor
34:41 Bracer
35:18 Conscription
36:17 Elite Fire Archer
felipe2204
11:01 Feudal Age
16:36 Castle Age
14:38 Horse Collar
14:46 Double-Bit Axe
15:35 Gold Mining
21:41 Bow Saw
23:09 Heavy Plow
23:53 Stone Mining
29:17 Imperial Age
27:33 Gold Shaft Mining
27:05 Loom
27:55 Wheelbarrow
28:54 Stone Shaft Mining
28:09 Town Watch
28:37 Forging
28:28 Scale Mail Armor
29:03 Hand Cart
29:33 Town Patrol
30:12 Iron Casting
30:38 Siege Engineers
30:12 Capped Ram
31:00 Gambesons
31:15 Squires
31:01 Arson
31:36 Chain Mail Armor
31:27 Siege Ram
32:08 Elite Varangian Guard
34:43 Conscription
36:15 Blast Furnace
35:46 Plate Mail Armor
37:27 Hamask
MatiassCJ
10:52 Feudal Age
9:07 Loom
14:24 Castle Age
12:43 Double-Bit Axe
24:56 Gold Mining
27:03 Fletching
27:43 Bow Saw
30:59 Bodkin Arrow
34:28 Forging
34:19 Padded Archer Armor
35:44 Ballistics
40:01 Imperial Age
37:46 Horse Collar
38:58 Scale Barding Armor
38:20 Light Cavalry
santiagosservin
10:56 Feudal Age
14:34 Castle Age
12:58 Double-Bit Axe
12:54 Horse Collar
16:05 Bow Saw
16:10 Heavy Plow
21:06 Loom
33:43 Imperial Age
32:38 Wheelbarrow
36:48 Imperial Age
MilanesaDe_Pollo
3:12 Loom
11:36 Feudal Age
15:22 Castle Age
13:14 Double-Bit Axe
13:32 Horse Collar
15:23 Wheelbarrow
23:28 Hand Cart
25:09 Inquisition
25:31 Heavy Plow
25:42 Bow Saw
25:31 Gold Mining
25:31 Stone Mining
29:58 Imperial Age
28:04 Town Watch
28:33 Fletching
28:44 Padded Archer Armor
29:43 Ballistics
29:38 Fortified Wall
30:34 Town Patrol
30:56 Bodkin Arrow
32:19 Two-Man Saw
31:59 Bloodlines
31:49 Husbandry
31:19 Light Cavalry
33:23 Leather Archer Armor
35:10 Elite Conquistador
36:12 Conscription
36:38 Elite Skirmisher
dott1
11:24 Feudal Age
12:33 Loom
15:19 Castle Age
13:28 Double-Bit Axe
14:25 Horse Collar
22:18 Wheelbarrow
21:31 Town Watch
23:45 Bow Saw
23:37 Heavy Plow
29:32 Imperial Age
26:33 Elite Skirmisher
27:11 Fletching
27:23 Padded Archer Armor
27:34 Forging
28:12 Stone Mining
28:13 Gold Mining
28:50 Ballistics
29:55 Bodkin Arrow
30:16 Leather Archer Armor
30:33 Imperial Skirmisher
31:16 Bracer
32:24 Chemistry
33:29 Pikeman
34:08 Halberdier
35:12 Man-at-Arms
35:59 Long Swordsman
36:41 Scale Mail Armor
37:18 Iron Casting
37:19 Town Patrol
37:35 Hand Cart
38:14 Two-Handed Swordsman
Connection lost

Rejoining the realm…

Still unreachable

The connection could not be restored.

Session expired

The server has moved on; the page needs a fresh start.